[Event "99th Argentina-ch 2024"]
[Site "Buenos Aires"]
[Date "2024.11.26"]
[Round "1.1"]
[White "Asprelli, Gaspar"]
[Black "Coro, Lucas"]
[Result "0-1"]
[ECO "B41"]
[WhiteElo "2245"]
[BlackElo "2401"]
[Annotator "TA"]
[PlyCount "114"]
[EventDate "2024.11.15"]
[EventType "tourn"]
[EventCountry "ARG"]
[SourceTitle "playchess.com"]
[Source "ChessBase"]
[SourceQuality "1"]
[TimeControl "40/5400+30:1800+30"]

1. e4 c5 2. Nf3 e6 3. d4 cxd4 4. Nxd4 a6 5. c4 Nf6 6. Nc3 Bb4 7. Qd3 d6 8. Nc2 Bxc3+ 9. bxc3 O-O 10. Ba3 Re8 11. Be2 Nc6 $1 12. O-O (12. Qxd6 Qxd6 13. Bxd6 Nxe4 $19) 12... d5 13. cxd5 exd5 14. exd5 Qxd5 15. Ne3 $132 {[%emt 0:08:07][%mdl 2048] Against Bf5. White is fighting back} Qxd3 16. Bxd3 Be6 17. Be2 Nd5 18. Nxd5 Bxd5 19. Rfe1 Re4 20. Bc5 Rae8 21. Be3 Ne5 22. Reb1 b5 {[%emt 0:06:31] White is weak on the light squares} 23. Bd1 (23. h3 $11) 23... Bc4 {[%emt 0:10:53] Black has more active pieces.} (23... Nc4 $17 24. Bf3 R4e5 25. Bxd5 Rxd5) 24. Bc2 $11 {[%emt 0:01:07] A strong pair of Bishops.} Bd3 25. Bxd3 Nxd3 26. Rd1 Nb2 27. Rd6 Ra4 28. Kf1 Nc4 29. Rd3 Ne5 (29... Nxe3+ $17 30. Rxe3 Rxe3 31. fxe3 f5) 30. Rd4 {[%emt 0:00:36] [#]} Ra3 $1 31. Bf4 {[%emt 0:00:37] and Bxe5 would now be decisive} Nc4 (31... Rxc3 $2 32. Bxe5 Rc2 33. Bf4 $18) 32. Rd3 h6 33. Bd6 (33. Bc1 $142 Ra4 34. Rd4) 33... Rd8 34. Bxa3 Rxd3 $17 {[%emt 0:00:07][%mdl 4096] Endgame KRB-KRN} 35. Be7 Rxc3 36. a4 Nd2+ 37. Ke1 Nb3 38. Ra3 Rc1+ 39. Ke2 Nd4+ 40. Kd3 (40. Kd2 $17 {was necessary.} Rg1 41. g3) 40... Rd1+ $19 41. Ke4 $2 (41. Kc3 {was the crucial defense.}) 41... Ne6 $2 (41... f5+ $19 {has better winning chances.} 42. Kf4 Re1) 42. axb5 $17 axb5 43. Ra8+ Kh7 44. Kf3 Rd3+ 45. Ke4 Rd7 46. Ba3 Rd4+ 47. Ke3 Rh4 (47... Rg4 $17 48. g3 Rc4) 48. Bd6 $15 Rd4 (48... Nd4 $142 {Strongly threatening ...Nf5+.} 49. Bf4 Nc2+ 50. Kf3 g5) 49. Ba3 $17 Rg4 50. g3 {[%emt 0:01:02] [#]} Ra4 $1 51. Rxa4 bxa4 {[%emt 0:00:03] KB-KN. Black is a pawn up.} 52. Bd6 Kg6 53. f4 $2 (53. Ke4 {is a better chance.}) 53... Kf5 $19 54. h3 h5 55. Kd3 Nd8 56. Kd4 g6 57. Ba3 {[%emt 0:01:33] [#]} h4 $1 0-1

[Event "99th Argentina-ch 2024"]
[Site "Buenos Aires"]
[Date "2024.11.26"]
[Round "1.2"]
[White "Oro, Faustino"]
[Black "Krysa, Leandro"]
[Result "1/2-1/2"]
[ECO "C24"]
[WhiteElo "2433"]
[BlackElo "2496"]
[Annotator "TA"]
[PlyCount "48"]
[EventDate "2024.11.15"]
[EventType "tourn"]
[EventCountry "ARG"]
[SourceTitle "playchess.com"]
[Source "ChessBase"]
[SourceQuality "1"]
[TimeControl "40/5400+30:1800+30"]

1. e4 e5 2. Bc4 Nf6 3. d3 Be7 4. Nc3 O-O 5. Nge2 c6 6. Bb3 d5 7. exd5 Nxd5 8. Nxd5 {[%emt 0:02:17] White has an edge.} cxd5 9. d4 exd4 10. Qxd4 Be6 11. Nf4 Nc6 12. Qd1 Bg5 13. O-O Bxf4 14. Bxf4 Qf6 15. Bc1 Rfe8 16. h3 Rad8 17. Re1 h6 18. Rb1 a6 (18... Bf5 $15 19. Rxe8+ (19. Bxd5 $2 {too greedy.} Rxe1+ 20. Qxe1 Rxd5 $19) 19... Rxe8) 19. Bd2 $11 Qg6 20. Kh2 Qf5 21. Kg1 Qg6 {[%emt 0:00:10] The position is equal.} 22. Kh2 Qf5 23. Kg1 Qg6 24. Kh2 Qf5 {[%emt 0:00:38] Weighted Error Value: White=0.09 (flawless) /Black=0.09 (flawless) .  Mistake:       	---       	Black=1      Inaccurate:     	White=3     	Black=1      OK:         	White=7     	Black=8      Best:        	---       	Black=1} 1/2-1/2

[Event "99th Argentina-ch 2024"]
[Site "Buenos Aires"]
[Date "2024.11.26"]
[Round "1.3"]
[White "Flores, Diego"]
[Black "Peralta, Fernando"]
[Result "1/2-1/2"]
[ECO "A07"]
[WhiteElo "2552"]
[BlackElo "2546"]
[Annotator "TA"]
[PlyCount "56"]
[EventDate "2024.11.15"]
[EventType "tourn"]
[EventCountry "ARG"]
[SourceTitle "playchess.com"]
[Source "ChessBase"]
[SourceQuality "1"]
[TimeControl "40/5400+30:1800+30"]

1. Nf3 d5 2. g3 Nf6 3. Bg2 e6 4. O-O Be7 5. d3 O-O 6. Nbd2 Nc6 7. e4 dxe4 8. dxe4 e5 9. c3 a5 10. Nc4 Nxe4 11. Nfxe5 Nxe5 12. Nxe5 Nf6 13. Be3 Qxd1 14. Rfxd1 Ng4 15. Nxg4 Bxg4 16. Rd2 c6 {[%emt 0:01:18] The position is equal.} 17. Re1 Be6 18. a3 Rfd8 19. Red1 Rxd2 20. Rxd2 a4 21. f4 f5 22. Kf2 Kf7 23. Bf3 g6 24. Bb6 Ra6 25. Be3 Ra8 26. Bb6 Ra6 27. Be3 Ra8 28. Bb6 Ra6 {[%emt 0:47:00] Weighted Error Value: White=0.05 (flawless) /Black=0.01 (flawless) .  Inaccurate:     	White=1     	---        OK:         	White=9     	Black=11} 1/2-1/2

[Event "99th Argentina-ch 2024"]
[Site "Buenos Aires"]
[Date "2024.11.26"]
[Round "1.4"]
[White "Valerga, Diego"]
[Black "Spata, German"]
[Result "1-0"]
[ECO "C10"]
[WhiteElo "2445"]
[BlackElo "2399"]
[Annotator "TA"]
[PlyCount "89"]
[EventDate "2024.11.15"]
[EventType "tourn"]
[EventCountry "ARG"]
[SourceTitle "playchess.com"]
[Source "ChessBase"]
[SourceQuality "1"]
[TimeControl "40/5400+30:1800+30"]

1. e4 e6 2. d4 d5 3. Nc3 Nf6 4. Bg5 dxe4 5. Nxe4 Nbd7 6. Nxf6+ Nxf6 7. Nf3 h6 8. Bh4 c5 9. Bb5+ Bd7 10. Bxd7+ Qxd7 11. Bxf6 gxf6 12. Qe2 O-O-O 13. O-O-O Qa4 14. dxc5 {[%emt 0:06:29] The position is equal.} Bxc5 15. Kb1 (15. a3 $5) 15... Rxd1+ 16. Rxd1 Rd8 17. Rxd8+ Kxd8 $11 {[%emt 0:00:06][%mdl 4096] Endgame. KQB-KQN} 18. Ne1 Ke7 19. Nd3 {[%emt 0:02:52] Against Qf4} Bd6 20. a3 f5 21. f3 Qb5 22. Qf2 a6 (22... Qb6 $11 {remains equal.} 23. Qh4+ Ke8) 23. Qh4+ $16 Ke8 24. Qxh6 Bxa3 25. Qf4 {[%emt 0:02:01] And now Qb8+ would win.} Be7 26. Qb8+ Bd8 27. h4 {[%emt 0:01:14] Threatens to win with h5.} Qd5 (27... Qb6 $1 $11) 28. h5 {[%emt 0:02:26] Black is on the road to losing.} f4 $2 29. h6 $18 (29. Nxf4 Qd1+ 30. Ka2 Qxc2 $11) (29. Qxf4 Qxh5 30. Qa4+ Kf8 $11) 29... Qg5 30. Qxb7 (30. Nxf4 Qxh6 31. Nd3 Qh1+ 32. Ka2 Qxg2 33. Qxb7 Qxc2 34. Qxa6 Qd1 $11) 30... Qxh6 {[%emt 0:00:50] [#]} 31. Ne5 $1 ({Stronger than} 31. Qxa6 Qh1+ 32. Nc1 Qxg2 $11) 31... Qf6 32. Qc6+ Ke7 {[%emt 0:00:03] [#]} 33. Qd7+ $1 Kf8 {[%emt 0:00:01] [#]} 34. Nxf7 $1 Be7 35. Nd6 Qg6 36. Qc8+ Kg7 37. Qc7 ({And not} 37. Qxa6 e5 $17) 37... Kf8 38. Nc8 Bg5 39. Nb6 Qf5 40. Qc8+ Kf7 41. Qxa6 Qc5 42. Qb7+ Kg6 43. Nd7 Qd6 (43... Qg1+ 44. Ka2 Qe1 45. Nf8+ Kf6 46. c3) 44. Qe4+ Kh6 (44... Kf7 $18 45. Ne5+ Kf8 46. Qa8+ Kg7) 45. Ne5 {[%emt 0:00:28] Weighted Error Value: White=0.06 (flawless) /Black=0.48.  Loses game:     	---       	Black=2      Mistake:       	---       	Black=3      Inaccurate:     	White=2     	---        OK:         	White=13    	Black=13     Best:        	White=5     	Black=5      Strong:       	White=2     	---        Brilliant:      	White=1     	---} 1-0

[Event "99th Argentina-ch 2024"]
[Site "Buenos Aires"]
[Date "2024.11.26"]
[Round "1.5"]
[White "Mareco, Sandro"]
[Black "Tokman, Ariel"]
[Result "1-0"]
[ECO "C54"]
[WhiteElo "2580"]
[BlackElo "2390"]
[Annotator "TA"]
[PlyCount "91"]
[EventDate "2024.11.15"]
[EventType "tourn"]
[EventCountry "ARG"]
[SourceTitle "playchess.com"]
[Source "ChessBase"]
[SourceQuality "1"]
[TimeControl "40/5400+30:1800+30"]

1. e4 e5 2. Nf3 Nc6 3. Bc4 Bc5 4. c3 Nf6 5. d3 O-O 6. Bg5 h6 7. Bh4 d6 8. O-O g5 {[%emt 0:12:18] C54: Giuoco Piano: 4 c3 Nf6, main lines with 5 d4 and 5 d3.} 9. Bg3 a5 10. Re1 Ba7 11. Na3 Bg4 12. h3 Bh5 13. Nc2 Kg7 14. Ne3 Ne7 15. Bb3 Qd7 16. Bc2 Bxe3 17. Rxe3 Ng6 18. d4 Rfe8 $146 ({Predecessor:} 18... Qb5 19. a4 Qb6 20. Ra3 Rfe8 21. Rb3 Qa7 22. Qd2 Rad8 23. h4 Nh7 24. hxg5 hxg5 {½-½ Duda,J (2743)-Anton Guijarro,D (2679) Tata Steel 83rd 2021 (8)}) 19. Qd2 Qc6 20. Nh2 Nf4 21. f3 Bg6 22. Bf2 h5 (22... d5 $11) 23. Ree1 h4 24. Rac1 Qb5 25. b3 c5 26. a4 Qc6 27. Nf1 Rad8 28. d5 Qd7 29. Ne3 (29. Kh2 {looks sharper.} N6h5 30. Ne3 Rc8 31. Red1) 29... Ra8 30. Bd3 (30. b4 {feels hotter.} cxb4 31. cxb4 Nxh3+ 32. gxh3 Qxh3 33. Bd1) 30... Red8 (30... Nxd3 $1 $11 31. Qxd3 Nh5) 31. Bf1 ({White should play} 31. Bb5 $16 Qc7 32. b4) 31... N6h5 {[%emt 0:00:19] [#]} (31... b6 $14) 32. Bb5 ({White should try} 32. b4 $1 $16 {[%cal Rb4c5] bxc5 would now be deadly.} b6 33. bxc5 bxc5 34. Rb1) 32... Qe7 (32... Qc8 $1 $11 {keeps the balance.}) 33. b4 $16 b6 34. bxc5 bxc5 35. Rb1 Ra7 36. Rb2 Qf6 37. Kh2 Rb7 38. Reb1 Rdb8 39. Nc4 Ra7 {[%emt 0:02:31] [#]} (39... Qd8 $14) 40. Bc6 $1 $18 Rxb2 41. Rxb2 (41. Qxb2 $2 {too greedy.} Nd3 42. Qd2 Nxf2 43. Qxf2 Bxe4 $19) 41... Nxg2 $2 (41... Qd8 {might work better.} 42. Qc2 Nxg2) 42. Kxg2 $18 Nf4+ 43. Kh2 Nxh3 44. Nxd6 Kh7 45. Bxc5 Rc7 46. Qe3 1-0

[Event "99th Argentina-ch 2024"]
[Site "Buenos Aires"]
[Date "2024.11.26"]
[Round "1.6"]
[White "Perez Ponsa, Federico"]
[Black "Acosta, Pablo Ismael"]
[Result "1/2-1/2"]
[ECO "B31"]
[WhiteElo "2536"]
[BlackElo "2454"]
[Annotator "TA"]
[PlyCount "184"]
[EventDate "2024.11.15"]
[EventType "tourn"]
[EventCountry "ARG"]
[SourceTitle "playchess.com"]
[Source "ChessBase"]
[SourceQuality "1"]
[TimeControl "40/5400+30:1800+30"]

1. e4 c5 2. Nf3 Nc6 3. Bb5 g6 4. O-O Bg7 5. c3 Nf6 6. Re1 O-O 7. d4 d5 8. e5 Ne4 9. Bxc6 bxc6 10. Be3 {[%emt 0:00:03] B31: Sicilian: 2...Nc6 3 Bb5 g6.} Qb6 11. Qc1 c4 $1 {[%emt 0:05:35] 11...c4 is better than 11...cxd4.} 12. Nbd2 Nxd2 13. Nxd2 Bf5 14. b3 Qa6 15. bxc4 $146 ({Predecessor:} 15. a4 Bd3 16. Qa3 Rfe8 17. Bf4 e6 18. b4 Qb7 19. a5 Qe7 20. Nf3 h6 21. Qc1 {½-½ Hracek,Z (2542)-Maze,S (2530) Bundesliga 2223 2022 (10.3)}) 15... dxc4 16. Nf1 Rab8 17. Ng3 Bd3 18. Bh6 c5 19. Bxg7 Kxg7 20. d5 h6 21. Qf4 Rbd8 22. d6 exd6 23. Qf6+ Kh7 24. h4 Qb6 25. e6 fxe6 26. Qe7+ Kg8 27. Qxe6+ Rf7 28. h5 d5 29. hxg6 Qxe6 30. Rxe6 Rg7 31. Rc6 d4 32. Rc1 Rxg6 33. Rxc5 Ra6 34. cxd4 Rxd4 35. Rc7 Rdd6 36. Nh5 Rxa2 37. Nf4 Rda6 38. Nxd3 cxd3 39. Rc8+ Kf7 40. R1c7+ Ke6 41. Re8+ Kd6 42. Rh7 Kc5 43. Rd7 Rd2 44. Red8 Kc4 45. Rc7+ Kb4 46. Rb7+ Kc4 47. Rc7+ Kb3 48. Rb7+ Ka2 49. Rbd7 Ra3 50. f4 Kb1 51. f5 Raa2 52. Rg8 Rd1+ 53. Kh2 Rf2 54. Rb8+ Kc1 55. Rc7+ Kd2 56. Rb2+ Ke1 57. Re7+ Kf1 58. Rxf2+ Kxf2 59. f6 d2 60. Rd7 Ke3 61. Re7+ Kd4 62. Rd7+ Kc3 63. Rc7+ Kb4 64. Rb7+ Kc4 65. Rc7+ {[%emt 0:03:01] [#]} Kb5 $1 66. Rd7 a5 67. f7 Rf1 68. Rxd2 Rxf7 69. Rd6 Rh7 (69... a4 $142 70. Rxh6 a3 71. Re6 Ra7 72. Re1 a2 73. Ra1 Ra3 74. g3 Ka4 75. Kh3 Kb3 76. Kg4 Kb2 77. Rh1 a1=Q (77... a1=B 78. Rf1 $11) 78. Rxa1 Rxa1 79. Kf5 Kc3 80. g4 Kd4 81. g5 Kd5 82. Kf6 Kd6 83. Kf5 Rg1 84. g6 Rg2 (84... Ke7 85. Ke5 Rxg6 86. Ke4 Ke6 87. Kf4 Kd5 88. Kf5 Re6 89. Kf4 Re2 90. Kf3 Re4 91. Kf2 Kd4 92. Kf3 Kd3 93. Kf2 Rf4+ 94. Kg2 Ke2 95. Kg3 Rd4 96. Kg2 Rd3 97. Kh1 Rg3 98. Kh2 Kf2 99. Kh1 Rh3#) 85. Ke4 Rxg6 86. Kf5 Re6 87. Kf4 Re5 88. Kf3 Ke6 89. Kg4 Rf5 90. Kg3 Kf6 91. Kh4 Rg5 92. Kh3 Kf5 93. Kh4 Kf4 94. Kh3 Kf3 95. Kh2 Rh5+ 96. Kg1 Rh8 97. Kf1 Rh1#) 70. Rf6 a4 71. Rf5+ Kb4 (71... Kc4 $19 72. Rf4+ Kb3 73. Rf3+ Kc2 74. Rf2+ Kd1 75. Rf1+ Ke2) 72. Rf4+ Kb3 73. Rf3+ Kb2 74. Rf2+ Kc1 75. Rf1+ Kd2 76. Rf2+ Ke1 77. Rf6 Ra7 78. Rxh6 a3 79. Re6+ Kd2 80. Rd6+ Kc3 81. Rc6+ Kb4 82. Rb6+ Kc5 83. Rb1 a2 84. Ra1 Kb4 85. Kg3 Kb3 86. Kf4 Rf7+ (86... Kb2 $142 87. Rxa2+ Rxa2 88. g4 Kc3 89. Ke5 Rg2 90. Kf5 Kd4 91. g5 Kc5 92. Kf6 Kd6 93. Kf5 Ke7 94. Kf4 Ke6 95. Ke4 Rxg5 96. Ke3 Re5+ 97. Kd4 Kd6 98. Kc4 Rd5 99. Kb4 Rc5 100. Ka4 Rc4+ 101. Kb5 Rg4 102. Kb6 Rb4+ 103. Ka5 Kc5 104. Ka6 Kc6 105. Ka7 Ra4+ 106. Kb8 Ra6 107. Kc8 Ra8#) 87. Ke4 $19 {[%emt 0:00:35] [#]} Rg7 $1 (87... Kb2 88. Rxa2+ Kxa2 89. g4 $11) 88. Kf3 Kb2 89. Rd1 Rf7+ $2 (89... a1=B 90. g4 $11) (89... Rc7 90. g3 Rc1 (90... a1=B 91. g4 $11) (90... a1=Q 91. Rxa1 Kxa1 92. Kf4 $11) 91. Rd2+ Kb1 92. Rd7 a1=Q (92... a1=B 93. Rb7+ Kc2 94. Rh7 $11) 93. Rb7+ Kc2 94. Rc7+ Kd2 95. Rxc1 Qxc1 96. Kf4 Kd3+ 97. Kf5 Kd4 (97... Qe1 98. g4 Kd4 99. Kf6 Qe5+ 100. Kf7 Kd5 101. Kg6 Ke6 102. g5 Qg3 103. Kh5 Kf7 104. g6+ Kf6 105. Kh6 Qxg6#) 98. g4 Qc8+ 99. Kf6 Qxg4 100. Ke7 Ke5 101. Kf7 Qh5+ 102. Kg7 Ke6 103. Kg8 Kf6 104. Kf8 Qh8#) 90. Ke4 $1 $11 Rg7 $2 (90... Re7+ $11 91. Kf5 Rf7+ (91... a1=B 92. g4 $11) 92. Kg6 Rf4 (92... a1=R 93. Rxa1 Rf8 94. Ra7 $18)) 91. Kf3 $1 Rf7+ $2 ({Stronger than} 91... a1=B 92. g4 $11) (91... Rc7 {mates} 92. g4 Rc4 (92... a1=B 93. Re1 $11) (92... a1=Q 93. Rxa1 Kxa1 94. Kf4 $11) 93. Kg3 Ra4 (93... a1=B 94. Rf1 $11) (93... a1=Q 94. Rxa1 Kxa1 95. Kh4 $11) 94. Rh1 a1=Q (94... a1=B 95. g5 $11) (94... a1=R $2 95. Rh2+ Kc3 96. Kh4 $19) 95. Rxa1 Rxa1 96. Kf4 Kc3 97. Ke5 Rg1 98. Kf5 Kd4 99. g5 Kd5 100. Kf6 Kd6 101. Kf5 Ke7 102. g6 Kd6 103. Ke4 Rxg6 104. Kf4 Re6 105. Kf5 Re5+ 106. Kg4 Ke6 107. Kf4 Kf6 108. Kg3 Kg5 109. Kf3 Re6 110. Kg2 Kg4 111. Kf2 Re5 112. Kg2 Rf5 113. Kh1 Kh3 114. Kg1 Kg3 115. Kh1 Rf1#) 92. Ke4 $1 $11 Rg7 1/2-1/2